 Dungeon Crawl Stone Soup version 0.28.0-53-g5a82cb258f (webtiles) character file.

Game seed: 3516897961638184246

16563 Kaptain the Geomancer (level 12, -3/77 HPs)
             Began as a Gargoyle Earth Elementalist on July 8, 2022.
             Slain by a boulder beetle (53 damage)
             ... on level 11 of the Dungeon.
             The game lasted 00:25:55 (12004 turns).

Kaptain the Geomancer (GrEE)                       Turns: 12004, Time: 00:25:56

Health: -3/77      AC: 20    Str: 12    XL:     12   Next: 38%
Magic:  6/24       EV: 11    Int: 21    God:
Gold:   313        SH:  4    Dex: 10    Spells: 21/28 levels left

rFire   . . .      SeeInvis +   h - +5 scimitar (flame)
rCold   . . .      Faith    .   y - +0 buckler
rNeg    + . .      Spirit   .   t - +1 steam dragon scales
rPois   ∞          Reflect  .   B - +0 helmet
rElec   +          Harm     .   O - +0 cloak
rCorr   .          Rampage  .   (no gloves)
Will    .....                   s - +0 pair of boots
Stlth   +++.......              L - amulet of magic regeneration
HPRegen 0.22/turn               d - ring of wizardry
MPRegen 0.59/turn               k - ring of see invisible

@: no status effects
A: sickness immunity, AC +8, negative energy resistance 1, electricity
resistance, torment resistance 1, petrification resistance
a: no special abilities


You were on level 11 of the Dungeon.
You visited 2 branches of the dungeon, and saw 12 of its levels.

You collected 560 gold pieces.
You spent 247 gold pieces at shops.

Inventory:

Hand Weapons
 h - a +5 scimitar of flaming (weapon)
 j - a +3 dagger of venom
Missiles
 c - 88 stones
 C - 3 throwing nets
Armour
 s - a +0 pair of boots (worn)
 t - +1 steam dragon scales (worn)
 y - a +0 buckler (worn)
 B - a +0 helmet (worn)
 O - a +0 cloak (worn)
 P - the +1 pair of boots "Neyg" {*Slow rN+++ Str-2 Dex+5}
   (You bought it in a shop on level 11 of the Dungeon)

   Str:       It affects your strength (-2).
   Dex:       It affects your dexterity (+5).
   rN:        It renders you almost immune to negative energy.
   *Slow:     It may slow you when you take damage.
Jewellery
 d - a ring of wizardry (left hand)
 k - a ring of see invisible (right hand)
 o - an amulet of regeneration
 x - a ring of protection from cold
 z - an amulet of reflection
 H - a ring of protection from cold
 K - a ring of protection from cold
 L - an amulet of magic regeneration (around neck)
Wands
 A - a wand of acid (22)
 D - a wand of polymorph (2)
 I - a wand of flame (5)
 J - a wand of charming (4)
 N - a wand of mindburst (5)
Scrolls
 e - 4 scrolls of teleportation
 g - 5 scrolls of immolation
 l - 4 scrolls of amnesia
 q - 2 scrolls of holy word
 r - a scroll of fear
 M - a scroll of acquirement {unknown}
Potions
 b - 3 potions of brilliance
 f - a potion of berserk rage {unknown}
 i - 3 potions of cancellation
 m - 2 potions of might
 n - 3 potions of mutation
 p - 3 potions of flight
 u - 2 potions of haste
 v - 2 potions of magic
 w - a potion of degeneration {unknown}
 E - 2 potions of curing
 F - a potion of lignification {unknown}
 G - a potion of attraction {unknown}


   Skills:
 * Level 9.9 Fighting
 + Level 6.8 Armour
 - Level 1.5 Dodging
 - Level 5.0 Stealth
 + Level 4.4 Shields
 * Level 8.6 Spellcasting
 * Level 9.9 Conjurations
 - Level 0.7 Transmutations
 * Level 11.4 Earth Magic


You had 21 spell levels left.
You knew the following spells:

 Your Spells              Type           Power      Damage    Failure   Level
a - Sandblast             Erth           100%       2d20      1%          1
b - Stone Arrow           Conj/Erth      100%       3d13      1%          3
c - Mephitic Cloud        Conj/Pois/Air  22%        N/A       3%          3

Your spell library contained the following spells:

 Spells                   Type           Power      Damage    Failure   Level
 Magic Dart               Conj           100%       1d8       1%          1
 Passwall                 Tmut/Erth      28%        N/A       1%          2
 Searing Ray              Conj           100%       2d8       1%          2
 Beastly Appendage        Tmut           24%        N/A       2%          1
 Petrify                  Tmut/Erth      34%        N/A       3%          4
 Wereblood                Tmut           12%        N/A       4%          2
 Fulminant Prism          Conj/Hex       14%        3d9       4%          4
 Call Imp                 Summ           9%         N/A       6%          2
 Spider Form              Tmut/Pois      10%        N/A       10%         3
 Summon Forest            Summ/Tloc      4%         N/A       69%         5
 Summon Mana Viper        Hex/Summ       9%         N/A       69%         5
 Summon Cactus Giant      Summ           4%         N/A       99%         6


Dungeon Overview and Level Annotations

Branches:
Dungeon (11/15)            Temple (1/1) D:7            Lair (0/6) D:11
    Orc (0/2) D:11

Altars:
Ashenzari
Cheibriados
Dithmenos
Elyvilon
Fedhas
Gozag
Hepliaklqana
Kikubaaqudgha
Makhleb
Nemelex Xobeh
Okawaru
Qazlal
Ru
Sif Muna
Trog
Uskayaw
Vehumet
Wu Jian
Xom
Yredelemnul
Zin
The Shining One

Shops:
D:2 (   D:9 [   D:11 [

Annotations:
D:7 1 runed translucent door
D:11 3 runed translucent doors, Lemuel's ghost, journeyman MiFi


Innate Abilities, Weirdness & Mutations

You are immune to sickness and miasma.
Your stone body is resilient. (AC +8)
You are immune to poison.
You resist negative energy. (rN+)
You are resistant to electric shocks. (rElec)
You are resistant to unholy torment.
You are immune to petrification.


Message History

Casting: Stone Arrow (safe; 1% risk of failure)
Confirm with . or Enter, or press ? or * to list all spells.
Aiming: Stone Arrow (safe; 1% risk of failure)
Press: ? - help, Shift-Dir - straight line, f/p - boulder beetle
Aim: a boulder beetle (severely wounded, 100% to hit)
The stone arrow hits the boulder beetle but does no damage.
The boulder beetle is severely wounded.
The boulder beetle misses you.
Unknown command.
Casting: Stone Arrow (safe; 1% risk of failure)
Confirm with . or Enter, or press ? or * to list all spells.
Aiming: Stone Arrow (safe; 1% risk of failure)
Press: ? - help, Shift-Dir - straight line, f/p - boulder beetle
Aim: a boulder beetle (severely wounded, 100% to hit)
The stone arrow hits the boulder beetle but does no damage.
The boulder beetle is severely wounded.
The boulder beetle closely misses you.
Unknown command.
Casting: Stone Arrow (safe; 1% risk of failure)
Confirm with . or Enter, or press ? or * to list all spells.
Aiming: Stone Arrow (safe; 1% risk of failure)
Press: ? - help, Shift-Dir - straight line, f/p - boulder beetle
Aim: a boulder beetle (heavily wounded, 100% to hit)
The stone arrow hits the boulder beetle but does no damage.
The boulder beetle is heavily wounded.
The boulder beetle leaps!
Unknown command.
You start resting.
A boulder beetle is nearby!
The boulder beetle curls into a ball and begins rolling!
Casting: Stone Arrow (safe; 1% risk of failure)
Confirm with . or Enter, or press ? or * to list all spells.
Aiming: Stone Arrow (safe; 1% risk of failure)
Press: ? - help, Shift-Dir - straight line, f/p - boulder beetle
Aim: a boulder beetle (heavily wounded, rolling, 100% to hit)
The stone arrow hits the boulder beetle.
The boulder beetle is severely wounded.
The boulder beetle hits you!!!
Ouch! That really hurt!
You die...

........#..............#.........
........##...P.......#.#.........
........###.........####.........
..###+### ###.....### ##'######+
..#...# #......+ >. ..'...+
#......# ..###### ##......#
.......# #.......# .......#
#.....@.# .......# #....B..#
.......# #...○...# .......#
#..°....# .......# #.°.....#
.......# #°......#
###'##......####### .#...#......
.#...# ....


You could see a boulder beetle (rolling).

Vanquished Creatures
  Harold (D:9)
  A hydra (D:9)
  A tengu warrior (D:8)
  Erica (D:8)
  3 two-headed ogres
  2 ugly things
  2 cyclopes
  A manticore (D:10)
  Maurice (D:10)
  An unseen horror (D:10)
  Maggie (D:8)
  A yaktaur (D:8)
  A tengu conjurer (D:8)
  2 trolls
  A slime creature (D:8)
  3 shadows
  2 vampires
  2 wyverns (D:9)
  19 yaks
  2 wraiths
  A vampire mosquito (D:8)
  Menkaure (D:6)
  3 wargs (D:11)
  An acid dragon (D:10)
  A water moccasin (D:8)
  7 orc warriors
  2 sky beasts
  7 ogres
  2 necrophages
  5 centaurs
  A phantom (D:4)
  4 bullfrogs
  A kobold brigand (D:11)
  A scorpion (D:5)
  A wyvern skeleton (D:7)
  A water moccasin skeleton (D:4)
  4 howler monkeys
  2 centaur zombies
  2 jellies
  7 orc priests
  2 hounds
  A gnoll shaman (D:8)
  2 iguanas
  9 orc wizards
  A howler monkey zombie (D:9)
  7 adders
  8 gnolls
  6 white imps
  An ufetubus (D:7)
  3 worms (D:2)
  2 dart slugs
  36 orcs
  5 endoplasms
  3 giant cockroaches
  9 goblins
  5 hobgoblins
  10 jackals
  4 quokkas
  10 ball pythons
  6 bats
  3 frilled lizards
  8 kobolds
  4 rats (D:1)
247 creatures vanquished.

Notes
Turn   | Place    | Note
-------+----------+-------------------------------------------
     0 | D:1      | Kaptain the Gargoyle Earth Elementalist began the quest for
                  | the Orb.
     0 | D:1      | Reached XP level 1. HP: 10/10 MP: 3/3
   349 | D:1      | Reached XP level 2. HP: 16/16 MP: 5/5
   528 | D:1      | Found a faded altar of an unknown god.
   595 | D:1      | Reached skill level 1 in Fighting
   608 | D:1      | Reached skill level 1 in Conjurations
   738 | D:1      | Reached XP level 3. HP: 20/20 MP: 6/6
   742 | D:1      | Learned a level 3 spell: Stone Arrow
  1037 | D:2      | Reached skill level 4 in Earth Magic
  1209 | D:2      | Reached skill level 1 in Armour
  1209 | D:2      | Reached XP level 4. HP: 23/25 MP: 7/7
  1255 | D:2      | Found Zeirhusi's Antique Weapon Boutique.
  2627 | D:4      | Reached XP level 5. HP: 30/30 MP: 9/9
  2740 | D:4      | Reached XP level 6. HP: 34/36 MP: 10/10
  3027 | D:4      | Learned a level 3 spell: Mephitic Cloud
  3094 | D:4      | Reached skill level 5 in Earth Magic
  3137 | D:4      | Reached XP level 7. HP: 41/41 MP: 2/12
  3612 | D:5      | Entered Level 5 of the Dungeon
  3988 | D:5      | Found an iron altar of Okawaru.
  4389 | D:6      | Reached XP level 8. HP: 48/48 MP: 9/14
  4563 | D:6      | Reached skill level 6 in Earth Magic
  4636 | D:6      | Noticed a troll
  4738 | D:6      | Killed a troll
  4942 | D:6      | Noticed Menkaure
  5052 | D:6      | Killed Menkaure
  5053 | D:6      | Reached skill level 5 in Fighting
  5053 | D:6      | Reached skill level 5 in Conjurations
  5273 | D:6      | Reached skill level 7 in Earth Magic
  5273 | D:6      | Reached XP level 9. HP: 48/54 MP: 9/16
  5477 | D:6      | Reached skill level 5 in Spellcasting
  5820 | D:7      | Reached skill level 5 in Stealth
  6317 | D:7      | Found a staircase to the Ecumenical Temple.
  6333 | Temple   | Entered the Ecumenical Temple
  6711 | D:7      | Found a runed translucent door.
  6714 | D:7      | Noticed a sixfirhy
  7221 | D:8      | Noticed Erica
  7225 | D:8      | Killed Erica
  7226 | D:8      | Reached skill level 8 in Earth Magic
  7226 | D:8      | Reached XP level 10. HP: 37/61 MP: 8/19
  7628 | D:8      | Noticed Maggie
  7636 | D:8      | Killed Maggie
  7851 | D:8      | Noticed a tengu warrior
  7857 | D:8      | Killed a tengu warrior
  7858 | D:8      | Reached skill level 5 in Armour
  8001 | D:8      | Reached skill level 9 in Earth Magic
  8088 | D:8      | Reached skill level 1 in Shields
  8277 | D:8      | Noticed a cyclops
  8281 | D:8      | Killed a cyclops
  8335 | D:8      | Noticed a purple ugly thing
  8342 | D:8      | Killed a purple ugly thing
  8907 | D:9      | Reached XP level 11. HP: 68/68 MP: 8/21
  9066 | D:9      | Noticed a two-headed ogre
  9069 | D:9      | Killed a two-headed ogre
  9146 | D:9      | Noticed a five-headed hydra
  9158 | D:9      | Killed a five-headed hydra
  9159 | D:9      | Reached skill level 10 in Earth Magic
  9295 | D:9      | Noticed Harold
  9302 | D:9      | Killed Harold
  9657 | D:9      | Found Emnoozixt's Antique Armour Shoppe.
 10304 | D:10     | Entered Level 10 of the Dungeon
 10377 | D:10     | Noticed a two-headed ogre
 10385 | D:10     | Killed a two-headed ogre
 10506 | D:10     | Noticed a manticore
 10511 | D:10     | Killed a manticore
 10819 | D:10     | Noticed Maurice
 10827 | D:10     | Killed Maurice
 11117 | D:11     | Found Liolaonn's Antique Armour Shop.
 11125 | D:11     | Bought a pair of bloodstained boots for 247 gold pieces
 11125 | D:11     | Identified the +1 pair of boots "Neyg" {*Slow rN+++ Str-2
                  | Dex+5} (You bought it in a shop on level 11 of the Dungeon)
 11174 | D:11     | Reached XP level 12. HP: 36/76 MP: 3/24
 11374 | D:11     | Found a staircase to the Orcish Mines.
 11430 | D:11     | Found a runed translucent gate.
 11431 | D:11     | Found a runed translucent gate.
 11432 | D:11     | Found a runed translucent gate.
 11435 | D:11     | Noticed Lemuel's ghost (journeyman MiFi)
 11439 | D:11     | Found a shadowy altar of Dithmenos.
 11457 | D:11     | Noticed a two-headed ogre
 11460 | D:11     | Killed a two-headed ogre
 11461 | D:11     | Reached skill level 11 in Earth Magic
 11826 | D:11     | Found a staircase to the Lair.
 11985 | D:11     | Noticed a boulder beetle
 11993 | D:11     | HP: 3/77 [boulder beetle (22)]
 12004 | D:11     | Slain by a boulder beetle

Illustrated notes

Levels and vault maps discovered:
D:1:      dpeg_arrival_boxes_within_box, layout_basic,
          shapermc_ecumenical_altar_acropolis
D:2:      layout_loops_ring, serial_shops, shop, minmay_tromino_mix6
D:3:      layout_basic, kennysheep_another_room
D:4:      nicolae_cairo_tiling, layout_gridville, serial_glass, glass_columns_a,
          glass_columns_a, glass_columns_c, glass_columns_a
D:5:      layout_rooms, nicolae_overflow_crystal_walls, palyth_stone_intersect
D:6:      layout_loops_corners, uniq_menkaure
D:7:      cheibrodos_shockbox, layout_loops_cross, minmay_temple_entry_mist
D:8:      layout_loops_cross, grunt_ministairs_13, minmay_evil_grid, uniq_erica,
          uniq_maggie
D:9:      layout_irregular_city, serial_shops, nicolae_shop_waterfront,
          enter_bailey_4, uniq_harold
D:10:     layout_rooms, uniq_maurice
D:11:     layout_gridville, erik_lair_orcish_takeover, david_orc_4,
          serial_shops, nicolae_shop_waterfront, gammafunk_ghost_spectres,
          kennysheep_pointless_box, minmay_tree_intersection,
          grunt_dithmenos_shadows
Temple:   mainiacjoe_temple_archimedes_tessellation

Skill      XL: |  1  2  3  4  5  6  7  8  9 10 11 12 |
---------------+-------------------------------------+-----
Fighting       | 1 2 3 4 5 6 8 9 |  9.9
Conjurations   | 1 2 3 4 5 6 8 9 |  9.9
Earth Magic    | 4 5 7 8 9 10 11 | 11.4
Armour         | 1 2 3 4 5 6 |  6.8
Stealth        | 3 4 5 |  5.0
Spellcasting   | 3 4 6 7 8 |  8.6
Shields        | 2 3 4 |  4.4
Dodging        | |  1.5
Transmutations | |  0.7

Action                   |  1- 3 |  4- 6 |  7- 9 | 10-12 || total
-------------------------+-------+-------+-------+-------++-------
Melee: Unarmed           |     8 |       |       |       ||     8
       Short sword       |     6 |       |    15 |       ||    21
       Dagger            |    51 |   126 |       |       ||   177
       Punch             |       |     1 |       |       ||     1
       Scimitar          |       |       |       |    55 ||    55
 Cast: Sandblast         |    18 |    25 |    58 |   103 ||   204
       Stone Arrow       |       |     2 |    55 |   157 ||   214
  Use: Scroll            |       |       |    12 |     9 ||    21
       Potion            |       |       |       |     5 ||     5
 Stab: Sleeping          |     6 |     4 |     1 |       ||    11
Armor: Robe              |    39 |    51 |     5 |       ||    95
       Leather armour    |       |       |    27 |     3 ||    30
       Steam dragon scal |       |       |       |    62 ||    62
Dodge: Dodged            |    55 |    66 |    26 |    85 ||   232
Block: Buckler           |       |       |       |    30 ||    30
